 Dungeon Crawl Stone Soup version 0.26-a0-67-g850bfe61e3 (webtiles) character file.

Game seed: 15602942077377787717

43250 Error4North the Grappler (level 13, -5/139 HPs)
             Began as a Troll Fighter on June 11, 2020.
             Was an Elder of Qazlal.
             Slain by a 15-headed hydra (14 damage)
             ... on level 4 of the Lair of Beasts on June 12, 2020.
             The game lasted 01:28:01 (16308 turns).

Error4North the Grappler (Troll Fighter)           Turns: 16308, Time: 01:28:03

Health: -5/139     AC: 11    Str: 30    XL:     13   Next: 89%
Magic:  16/16      EV: 14    Int:  5    God:    Qazlal [****..]
Gold:   1591       SH: 17    Dex:  9    Spells: 12/12 levels left

rFire    + . .     SeeInvis .     - Unarmed
rCold    + + .     Gourm    +   b - +0 kite shield
rNeg     . . .     Faith    .   v - +1 robe of Valour {rF+ MR+ Regen+}
rPois    +         Spirit   .   (helmet restricted)
rElec    .         Reflect  .   t - +2 cloak {rCorr}
rCorr    +         Harm     .   (gloves unavailable)
MR       ++...                  (boots unavailable)
Stlth    +.........             (no amulet)
HPRegen  1.13/turn              u - ring "Pelohash" {rPois rC+ MR+ Slay+2}
MPRegen  0.15/turn              N - ring of protection from cold

@: repel missiles
A: large, unfitting armour, claws 3, hooves 1, blurry vision 1, fast metabolism
3, gourmand, regeneration 1, robust 1, shaggy fur 1, tough skin 3, wild magic 1
a: Upheaval, Elemental Force, Renounce Religion


You were on level 4 of the Lair of Beasts.
You worshipped Qazlal.
Qazlal was greatly pleased with you.
You were very full.

You visited 4 branches of the dungeon, and saw 19 of its levels.
You also visited: Ossuary and Ice Cave.

You collected 1838 gold pieces.
You spent 247 gold pieces at shops.

Inventory:

Missiles
 I - 30 boomerangs (quivered)
Armour
 b - a +0 kite shield (worn)
 t - a +2 cloak of preservation (worn)
 v - the +1 robe of Valour (worn) {rF+ MR+ Regen+}
   (You found it on level 5 of the Dungeon)

   It protects you from fire.
   It affects your resistance to hostile enchantments.
   It increases your rate of regeneration.
Jewellery
 u - the ring "Pelohash" (left claw) {rPois rC+ MR+ Slay+2}
   (You found it on level 5 of the Dungeon)

   [ring of poison resistance]

   It affects your accuracy and damage with ranged weapons and melee attacks
   (+2).
   It protects you from cold.
   It protects you from poison.
   It affects your resistance to hostile enchantments.
 K - the ring "Xueleco Gaowk" {+Inv rPois rN+ Int-2}
   (You took it off a centaur on level 11 of the Dungeon)

   [ring of positive energy]

   It affects your intelligence (-2).
   It protects you from poison.
   It protects you from negative energy.
   It lets you turn invisible.
 N - a ring of protection from cold (right claw)
Wands
 a - a wand of acid (9)
 c - a wand of disintegration (9)
 k - a wand of paralysis (16)
 n - a wand of polymorph (2)
 o - a wand of flame (52)
 z - a wand of random effects (43)
 D - a wand of digging (7)
 J - a wand of enslavement (16)
 R - a wand of clouds (8)
Scrolls
 f - 6 scrolls of remove curse
 g - 10 scrolls of fear {unknown}
 h - 7 scrolls of teleportation
 i - 13 scrolls of identify
 j - 7 scrolls of random uselessness {unknown}
 p - 5 scrolls of enchant weapon {unknown}
 r - a scroll of brand weapon {unknown}
 s - 3 scrolls of noise {unknown}
 x - 3 scrolls of blinking {unknown}
 y - 3 scrolls of amnesia {unknown}
 E - 4 scrolls of immolation {unknown}
 G - 2 scrolls of enchant armour {unknown}
 H - a scroll of acquirement {unknown}
 O - a scroll of summoning {unknown}
 Q - a scroll of silence {unknown}
Potions
 e - 15 potions of curing
 l - 4 potions of haste
 m - 2 potions of stabbing
 q - 2 potions of cancellation
 w - a potion of lignification
 A - 2 potions of brilliance
 B - 2 potions of resistance
 F - a potion of mutation
 M - 2 potions of flight
 P - a potion of berserk rage
 S - a potion of invisibility
Miscellaneous
 L - a phial of floods
Comestibles
 d - 31 rations


   Skills:
 * Level 7.7 Fighting
 + Level 0.4 Throwing
 * Level 7.5 Armour
 * Level 10.0 Dodging
 - Level 1.7 Stealth
 + Level 10.3 Shields
 + Level 11.2 Unarmed Combat
 * Level 6.1 Invocations
 + Level 0.3 Evocations


You had 12 spell levels left.
You didn't know any spells.
Your spell library contained the following spells:

 Spells                   Type           Power        Failure   Level  Hunger
 Animate Skeleton         Necr           N/A          56%         1    ##.....
 Beastly Appendage        Tmut           #.....       56%         1    ##.....
 Magic Dart               Conj           #...         56%         1    ##.....
 Pain                     Necr           #...         56%         1    ##.....
 Summon Small Mammal      Summ           #...         56%         1    ##.....
 Call Imp                 Summ           #.......     71%         2    ###....
 Searing Ray              Conj           #.....       71%         2    ###....
 Shroud of Golubria       Chrm/Tloc      #.....       71%         2    ###....
 Sticks to Snakes         Tmut           #.......     71%         2    ###....
 Call Canine Familiar     Summ           #.......     89%         3    ####...
 Confusing Touch          Hex            #.......     89%         3    ####...
 Dazzling Flash           Conj/Hex       #.....       89%         3    ####...
 Gell's Gravitas          Tloc           #.........   89%         3    ####...
 Spider Form              Tmut/Pois      #.........   89%         3    ####...
 Summon Guardian Golem    Hex/Summ       #.......     89%         3    ####...
 Vampiric Draining        Necr           #.........   89%         3    ####...
 Animate Dead             Necr           N/A          99%         4    #####..
 Fulminant Prism          Conj/Hex       #.........   99%         4    #####..
 Ice Form                 Ice/Tmut       #.......     99%         4    #####..
 Iskenderun's Mystic Bla  Conj/Tloc      #.......     99%         4    #####..
 Petrify                  Tmut/Erth      #.......     99%         4    #####..
 Summon Ice Beast         Ice/Summ       #.......     99%         4    #####..
 Summon Lightning Spire   Summ/Air       #.......     99%         4    #####..
 Agony                    Necr           #.......     100%        5    ######.
 Blade Hands              Tmut           #.........   100%        5    ######.
 Bolt of Magma            Conj/Fire/Erth #.........   100%        5    ######.
 Iskenderun's Battlesphe  Conj/Chrm      #.......     100%        5    ######.
 Metabolic Englaciation   Hex/Ice        #.........   100%        5    ######.
 Yara's Violent Unravell  Hex/Tmut       #.........   100%        5    ######.
 Iron Shot                Conj/Erth      #.........   100%        6    #######
 Orb of Destruction       Conj           #.........   100%        7    #######
 Spellforged Servitor     Conj/Summ      #.........   100%        7    #######


Dungeon Overview and Level Annotations

Branches:
Dungeon (12/15)            Temple (1/1) D:4            Lair (4/6) D:11
  Swamp (0/4) Lair:2        Snake (0/4) Lair:3          Orc (2/2) D:12
    Elf (0/3) Orc:2       Ossuary (visited)           IceCv (visited)

Altars:
Ashenzari
Cheibriados
Dithmenos
Elyvilon
Fedhas
Gozag
Hepliaklqana
Kikubaaqudgha
Makhleb
Nemelex Xobeh
Okawaru
Qazlal
Ru
Sif Muna
Trog
Uskayaw
Vehumet
Wu Jian
Xom
Yredelemnul
Zin
The Shining One
Beogh

Shops:
D:5 [   D:9 }   Orc:1 :*}   Orc:2 :}[=


Innate Abilities, Weirdness & Mutations

You are too large for most types of armour.
You have claws for hands.
Your metabolism is lightning-fast.
You like to eat raw meat.
Your natural rate of healing is unusually fast.
You are covered in fur. (AC +1)
You have extremely tough skin. (AC +3)
You have large cloven feet.
Scrolls take you a little longer to read.
You are robust. (+10% HP)
Your spells are a little harder to cast, but a little more powerful.


Message History

The 15-headed hydra bites you but does no damage.
The 15-headed hydra closely misses you. The 15-headed hydra barely misses you.
The 15-headed hydra bites you. The 15-headed hydra bites you! x2
The 15-headed hydra misses you. The 15-headed hydra closely misses you.
The 15-headed hydra barely misses you.
The 15-headed hydra is engulfed in freezing vapours.
The 15-headed hydra bites you.
The 15-headed hydra bites you but does no damage.
The 15-headed hydra closely misses you. You block the 15-headed hydra's attack.
The 15-headed hydra closely misses you. You block the 15-headed hydra's attack.
The 15-headed hydra bites you! x2
* * * LOW HITPOINT WARNING * * *
You block the 15-headed hydra's attack. The 15-headed hydra bites you!
* * * LOW HITPOINT WARNING * * *
The 15-headed hydra bites you!
* * * LOW HITPOINT WARNING * * *
You block the 15-headed hydra's attack. The 15-headed hydra bites you.
* * * LOW HITPOINT WARNING * * *
The 15-headed hydra bites you!
You die...

##...########....##
#....#...##.#P..###
#..<..<.....##.###.
#....#......##.##..
#....##..... ..# #.
#...###....###.# #.
##...##...=##P.# ##
#○.#.#.....#..####
#@.####...P#..#..#
#.D###..#.###....÷
#○................
#.§.####..#.#PP#..
##### ###########


You could see a 15-headed hydra.

Vanquished Creatures
  A frost giant (IceCv)
  A stone giant (Orc:1)
  Josephine (D:12)
  Fannar (D:10)
  Harold (D:8)
  Erolcha (Orc:1)
  2 hydras
  A centaur warrior (Orc:2)
  A two-headed ogre (D:11)
  A death yak (IceCv)
  Pikel (D:4)
  3 orc knights
  An orc sorcerer (Orc:1)
  A cyclops (D:11)
  Joseph (Lair:1)
  2 black mambas (Lair:4)
  3 spiny frogs
  A komodo dragon (Lair:1)
  2 rime drakes
  2 ice devils (Lair:3)
  7 trolls
  8 polar bears (IceCv)
  Prince Ribbit (D:7)
  2 hornets
  Grinder (D:4)
  6 blink frogs
  2 bog bodies (Lair:2)
  5 hippogriffs
  2 shadows (D:12)
  Sigmund (D:5)
  A spriggan (Lair:2)
  A wyvern (Lair:3)
  2 basilisks
  4 wraiths
  4 hogs (D:7)
  26 yaks
  3 humans
  Eustachio (D:5)
  Edmund (D:4)
  Menkaure (D:5)
  A swamp worm (Lair:2)
  A warg (Orc:1)
  7 nagas (Lair:3)
  8 water moccasins
  Duvessa (D:6)
  5 porcupines
  4 black bears (D:11)
  36 orc warriors
  3 sky beasts
  An ice beast (D:7)
  An eye of draining (D:10)
  A necrophage (D:11)
  11 wolves
  2 phantoms
  10 ogres
  18 centaurs
  7 crocodiles
  A big kobold (D:10)
  A wyvern zombie (D:9)
  20 bullfrogs
  Dowan (D:6)
  4 scorpions
  19 killer bees
  4 howler monkeys
  5 wights (D:12)
  An electric eel (Lair:2)
  2 crimson imps
  3 centaur zombies
  A human zombie (Ossuary)
  A bullfrog zombie (D:12)
  3 jellies
  2 quasits
  13 orc priests
  3 hounds
  A bullfrog skeleton (D:5)
  Jessica (D:2)
  21 orc wizards
  2 iguanas (D:11)
  9 worker ants
  A big kobold zombie (Ossuary)
  4 mummies (Ossuary)
  A hound skeleton (D:7)
  A worker ant zombie (D:7)
  18 adders
  4 shadow imps
  2 oozes
  An adder zombie (D:10)
  2 adder skeletons
  2 dart slugs
  8 leopard geckos
  73 orcs
  3 bats (D:1)
  6 giant cockroaches
  3 hobgoblins (D:1)
  2 jackals (D:5)
  5 quokkas
  A ball python (D:2)
  5 frilled lizards
  3 gnoll zombies
  9 goblins
  2 goblin zombies
  11 kobolds
  2 orc zombies (Ossuary)
  A quokka zombie (D:9)
  2 rats
  9 plants (Lair:2)
523 creatures vanquished.

Vanquished Creatures (collateral kills)
  2 yaks (Lair:4)
  A water moccasin (Lair:2)
  An orc warrior (Orc:2)
  3 wolves (Lair:2)
7 creatures vanquished.

Vanquished Creatures (others)
  4 polar bears (IceCv)
  2 yaks (IceCv)
  An orc warrior (Orc:2)
  A wolf (IceCv)
  A centaur (Orc:2)
  An orc (Orc:2)
  A fungus (D:11)
  4 plants (Lair:2)
15 creatures vanquished.

Grand Total: 545 creatures vanquished

Notes
Turn   | Place    | Note
-------+----------+-------------------------------------------
     0 | D:1      | Error4North the Troll Fighter began the quest for the Orb.
     0 | D:1      | Reached XP level 1. HP: 22/22 MP: 0/0
    14 | D:1      | You fall into a shaft and drop 1 floor!
   159 | D:1      | Reached XP level 2. HP: 26/29 MP: 1/1
   418 | D:1      | Reached XP level 3. HP: 36/36 MP: 2/2
   803 | D:2      | Noticed Jessica
   829 | D:2      | Killed Jessica
   842 | D:2      | Identified Jessica's Grimoire of Dislocation
   967 | D:2      | Reached XP level 4. HP: 44/44 MP: 3/3
  1542 | D:3      | Reached skill level 1 in Armour
  1744 | D:3      | Found a burning altar of Makhleb.
  1744 | D:3      | Found a shimmering altar of Xom.
  1750 | D:3      | Reached XP level 5. HP: 49/53 MP: 4/4
  2108 | D:4      | Reached skill level 3 in Unarmed Combat
  2241 | D:4      | Noticed Edmund
  2258 | D:4      | Killed Edmund
  2258 | D:4      | Reached XP level 6. HP: 54/61 MP: 5/5
  2285 | D:4      | Found a staircase to the Ecumenical Temple.
  2303 | Temple   | Entered the Ecumenical Temple
  2416 | Temple   | Became a worshipper of Qazlal Stormbringer
  2440 | D:4      | Noticed Grinder
  2447 | D:4      | Paralysed by Grinder for 3 turns
  2453 | D:4      | Killed Grinder
  2453 | D:4      | Reached skill level 4 in Unarmed Combat
  2453 | D:4      | Reached XP level 7. HP: 19/67 MP: 6/6
  2740 | D:4      | Found a sacrificial altar of Ru.
  2919 | D:4      | Noticed Pikel
  2934 | D:4      | Killed Pikel
  2934 | D:4      | Reached skill level 5 in Dodging
  2934 | D:4      | Reached skill level 5 in Unarmed Combat
  2934 | D:4      | Reached XP level 8. HP: 35/78 MP: 7/7
  3181 | D:5      | Entered Level 5 of the Dungeon
  3263 | D:5      | Reached skill level 1 in Stealth
  3273 | D:5      | Noticed Sigmund
  3303 | D:5      | Killed Sigmund
  3437 | D:5      | Got a clouded glass ring
  3439 | D:5      | Identified the ring "Pelohash" {rPois rC+ MR+ Slay+2} (You
                  | found it on level 5 of the Dungeon)
  3489 | D:5      | Noticed Menkaure
  3489 | D:5      | Noticed Eustachio
  3496 | D:5      | Killed Menkaure
  3500 | D:5      | Killed Eustachio
  3524 | D:5      | Reached XP level 9. HP: 60/84 MP: 8/8
  3529 | D:5      | Got an opalescent robe
  3547 | D:5      | Identified the +1 robe of Valour {rF+ MR+ Regen+} (You
                  | found it on level 5 of the Dungeon)
  3725 | D:5      | Reached * piety under Qazlal
  3844 | D:5      | Found Okar's Armour Emporium.
  3969 | D:6      | Reached skill level 6 in Unarmed Combat
  4007 | D:6      | Reached skill level 5 in Shields
  4227 | D:6      | Noticed Duvessa
  4230 | D:6      | Noticed Dowan
  4236 | D:6      | Killed Duvessa
  4247 | D:6      | Killed Dowan
  4349 | D:6      | Found a hazy altar of Hepliaklqana.
  4537 | D:6      | Found a glowing golden altar of the Shining One.
  4537 | D:6      | Found a shadowy altar of Dithmenos.
  4775 | D:7      | Reached skill level 5 in Fighting
  4894 | D:7      | Reached ** piety under Qazlal
  5073 | D:7      | Found a shimmering blue altar of Sif Muna.
  5221 | D:7      | Noticed Prince Ribbit
  5230 | D:7      | Killed Prince Ribbit
  5230 | D:7      | Reached skill level 7 in Unarmed Combat
  5230 | D:7      | Reached XP level 10. HP: 86/96 MP: 9/9
  5805 | D:8      | Noticed Harold
  5865 | D:8      | Found a sacrificial altar of Ru.
  5993 | D:8      | Killed Harold
  6085 | D:8      | Found a sand-covered staircase.
  6094 | Ossuary  | Entered an ossuary
  6568 | D:9      | Reached *** piety under Qazlal
  6698 | D:9      | Found Tomimits's Gadget Emporium.
  6737 | D:9      | Found a blossoming altar of Fedhas.
  6743 | D:9      | Reached skill level 1 in Invocations
  6858 | D:9      | Found an iron altar of Okawaru.
  6965 | D:9      | Found a white marble altar of Elyvilon.
  7101 | D:9      | Reached XP level 11. HP: 78/104 MP: 11/11
  7111 | D:9      | Reached skill level 8 in Unarmed Combat
  7262 | D:9      | Found a sparkling altar of Nemelex Xobeh.
  7347 | D:10     | Entered Level 10 of the Dungeon
  7384 | D:10     | Reached skill level 5 in Armour
  7437 | D:10     | Reached **** piety under Qazlal
  7665 | D:10     | Noticed Fannar
  7707 | D:10     | Killed Fannar
  7854 | D:10     | You fall into a shaft and drop 2 floors!
  8037 | D:11     | Found a staircase to the Lair.
  8075 | D:11     | Noticed a two-headed ogre
  8094 | D:11     | Killed a two-headed ogre
  8227 | D:11     | Reached ***** piety under Qazlal
  8227 | D:11     | Reached skill level 9 in Unarmed Combat
  8807 | D:11     | Identified the ring "Xueleco Gaowk" {+Inv rPois rN+ Int-2}
  9480 | D:12     | Noticed Josephine
  9495 | D:12     | Killed Josephine
  9649 | D:12     | Reached XP level 12. HP: 114/114 MP: 13/13
  9911 | D:12     | Found a staircase to the Orcish Mines.
 10185 | Orc:1    | Entered Level 1 of the Orcish Mines
 10185 | Orc:1    | Found Ygoveatrirys's Gadget Shoppe.
 10407 | Orc:2    | Entered Level 2 of the Orcish Mines
 10407 | Orc:2    | Found a staircase to the Elven Halls.
 10407 | Orc:2    | Noticed a stone giant
 10455 | Orc:1    | Killed a stone giant
 11143 | Orc:2    | Noticed a centaur warrior
 11150 | Orc:2    | Killed a centaur warrior
 11152 | Orc:2    | Reached skill level 10 in Unarmed Combat
 11401 | Orc:2    | Found a roughly hewn altar of Beogh.
 11564 | Orc:2    | Found Baagh's Antique Armour Shop.
 11564 | Orc:2    | Found Ukothriq's Gadget Emporium.
 11566 | Orc:2    | Found Ytwatrac's Book Shoppe.
 11568 | Orc:2    | Found Imnarph's Jewellery Boutique.
 11585 | Orc:2    | Bought a runed cloak for 247 gold pieces
 11768 | Orc:1    | Found Caote's Book Shoppe.
 11848 | Orc:1    | Found Astriupt's General Store.
 11876 | Orc:1    | Found a roughly hewn altar of Beogh.
 11901 | Orc:1    | Noticed Erolcha
 11908 | Orc:1    | Killed Erolcha
 12236 | Lair:1   | Entered Level 1 of the Lair of Beasts
 12246 | Lair:1   | Noticed Joseph
 12270 | Lair:1   | Killed Joseph
 12278 | Lair:1   | Noticed a six-headed hydra
 12303 | Lair:1   | Killed a six-headed hydra
 12501 | Lair:1   | Reached XP level 13. HP: 123/123 MP: 15/15
 13109 | Lair:1   | Reached skill level 5 in Invocations
 13406 | Lair:2   | Reached skill level 10 in Shields
 13961 | Lair:2   | Found a staircase to the Swamp.
 14316 | Lair:3   | Found a frozen archway.
 14333 | IceCv    | Entered an ice cave
 14379 | IceCv    | Upgraded the game from 0.26-a0-64-g059e62fbdb to
                  | 0.26-a0-67-g850bfe61e3
 14853 | IceCv    | Gained mutation: Your spells are a little harder to cast,
                  | but a little more powerful. [potion of mutation]
 14853 | IceCv    | Gained mutation: Scrolls take you a little longer to read.
                  | [potion of mutation]
 14853 | IceCv    | Gained mutation: You have large cloven feet. [potion of
                  | mutation]
 14853 | IceCv    | Gained mutation: You are robust. (+10% HP) [potion of
                  | mutation]
 14943 | IceCv    | Noticed a frost giant
 14963 | IceCv    | Killed a frost giant
 15053 | Lair:3   | Reached skill level 11 in Unarmed Combat
 15209 | Lair:3   | Found a staircase to the Snake Pit.
 15901 | Lair:4   | Found the ring of the Mage {Wiz MR++ Int+3}
 15906 | Lair:4   | Reached skill level 10 in Dodging
 16308 | Lair:4   | Slain by a 15-headed hydra

Illustrated notes

Levels and vault maps discovered:
D:1:      lemuel_arrival_room, layout_basic
D:2:      layout_basic, kennysheep_jessica_study
D:3:      minmay_angry_zag, layout_basic,
          grunt_temple_overflow_champion_of_chaos
D:4:      layout_loops_cross, minmay_temple_entry_hall,
          nicolae_ru_path_of_blood, uniq_grinder, uniq_edmund, uniq_pikel
D:5:      layout_loops_ring, serial_shops, nicolae_shop_crystal, first_ration,
          minmay_crystal_room, eino_small_chamber_without_monster,
          uniq_menkaure, uniq_sigmund, uniq_eustachio
D:6:      layout_cave_pools, kennysheep_little_box,
          gammafunk_temple_overflow_statue, uniq_duvessa
D:7:      layout_basic, grunt_livestock, led_sif_book, uniq_prince_ribbit1
D:8:      layout_rooms, overflow_temple_1_default, enter_ossuary_3, uniq_harold
D:9:      layout_roguey, nicolae_overflow_crystal_walls, okawaru_humans,
          marbit_many_paths, serial_shops, shop_statue, elyvilon_altar_5
D:10:     layout_roguey, grunt_ministairs_1, uniq_fannar
D:11:     layout_long_grid, minmay_lair_entry_grove
D:12:     layout_loops_ring, david_orc_4, uniq_josephine
Temple:   cyrus_circular_temple
Lair:1:   layout_regular_city, uniq_joseph
Lair:2:   layout_chaotic_city, nicolae_swamp_entry_splash_gauntlet, wad_woods_03
Lair:3:   layout_gridlike, minmay_snake_entry_guardpost_medium,
          portal_ice_cave_demonic_guard
Lair:4:   layout_regular_city
Orc:1:    layout_diamond_mine, basic_altar, serial_shops, nicolae_shop_crystal,
          shop, shop, uniq_erolcha
Orc:2:    st_orc_rangers, layout_diamond_mine, david_defended_altar_orc

Skill      XL: |  1  2  3  4  5  6  7  8  9 10 11 12 13 |
---------------+----------------------------------------+-----
Dodging        | 3 4 5 6 7 8 9 10 | 10.0
Fighting       | 3 4 5 6 7 |  7.7
Armour         | 1 2 3 4 5 6 7 |  7.5
Shields        | 3 4 5 7 8 9 10 | 10.3
Unarmed Combat | 3 4 5 7 9 10 11 | 11.2
Stealth        | 1 |  1.7
Invocations    | 1 3 4 6 |  6.1
Throwing       | |  0.4
Evocations     | |  0.3

Action                   |  1- 3 |  4- 6 |  7- 9 | 10-12 | 13-15 || total
-------------------------+-------+-------+-------+-------+-------++-------
Melee: Unarmed           |    94 |   116 |   277 |   929 |   449 ||  1865
       Kick              |       |       |       |       |    39 ||    39
Throw: Boomerang         |       |       |       |     2 |     8 ||    10
Invok: Upheaval          |       |       |       |     4 |     5 ||     9
       Disaster Area     |       |       |       |     2 |     1 ||     3
       Elemental Force   |       |       |       |     1 |     2 ||     3
Evoke: Wand              |       |       |     2 |     1 |     1 ||     4
  Use: Potion            |       |     2 |     4 |     6 |     5 ||    17
       Scroll            |       |       |       |     4 |     4 ||     8
 Stab: Sleeping          |       |       |     1 |       |       ||     1
  Eat: Chunk             |    15 |    13 |    26 |    67 |    32 ||   153
       Ration            |       |       |       |       |     1 ||     1
Armor: Robe              |    35 |    34 |    71 |   182 |   106 ||   428
Dodge: Dodged            |    32 |    35 |    82 |   362 |   209 ||   720
       Repelled          |       |       |       |    30 |     4 ||    34
Block: Kite shield       |    52 |    45 |   129 |   895 |   437 ||  1558

Table legend:
 A = Non-vault XP
 B = Vault XP
 C = Vault XP percentage of total XP
 D = Non-vault monster count
 E = Vault monster count
 F = Vault count percentage of total count
                 A         B        C        D         E       F
            +---------+---------+-------+---------+---------+-------
      Total |   31923 |   29864 |  48.3 |     346 |     178 |  34.0
            +---------+---------+-------+---------+---------+-------
        D:1 |      48 |       0 |   0.0 |      24 |       0 |   0.0
        D:2 |      23 |      39 |  62.9 |       5 |       2 |  28.6
        D:3 |      50 |      93 |  65.0 |      15 |       7 |  31.8
        D:4 |     383 |    1091 |  74.0 |      17 |       3 |  15.0
        D:5 |     605 |     583 |  49.1 |      23 |       3 |  11.5
        D:6 |    1102 |     223 |  16.8 |      23 |       2 |   8.0
        D:7 |    1285 |    1269 |  49.7 |      22 |       6 |  21.4
        D:8 |     623 |    1010 |  61.8 |      14 |       3 |  17.6
        D:9 |    2455 |     460 |  15.8 |      42 |       3 |   6.7
       D:10 |    1024 |    1155 |  53.0 |      17 |       2 |  10.5
       D:11 |    2218 |    1846 |  45.4 |      17 |      13 |  43.3
       D:12 |    2332 |    2420 |  50.9 |      20 |      24 |  54.5
     Lair:1 |    5269 |     481 |   8.4 |      24 |       1 |   4.0
     Lair:2 |    1788 |    1332 |  42.7 |      10 |       7 |  41.2
     Lair:3 |    2530 |    1761 |  41.0 |       8 |       9 |  52.9
     Lair:4 |    3571 |       0 |   0.0 |      17 |       0 |   0.0
      Orc:1 |    5184 |    1265 |  19.6 |      27 |       3 |  10.0
      Orc:2 |    1433 |    5094 |  78.0 |      21 |      39 |  65.0
    Ossuary |       0 |     200 | 100.0 |       0 |      12 | 100.0
      IceCv |       0 |    9542 | 100.0 |       0 |      39 | 100.0
            +---------+---------+-------+---------+---------+-------
